 Dungeon Crawl Stone Soup version 0.29.1-15-g9cfb28693d (webtiles) character file.

Game seed: 4433345029457535407

85 Ijustatesigmund the Digger (level 4, 0/25 HPs)
             Began as a Gargoyle Earth Elementalist on Apr 27, 2023.
             Slain by a gnoll bouda
             ... wielding a +0 whip
              (6 damage)
             ... on level 3 of the Dungeon.
             The game lasted 00:04:44 (3555 turns).

Ijustatesigmund the Digger (GrEE)                   Turns: 3555, Time: 00:04:50

Health: 0/25       AC:  6    Str: 10 (12) XL:     4   Next: 48%
Magic:  1/8        EV: 11    Int: 14 (17) God:
Gold:   128        SH:  0    Dex:  8 (10) Spells: 4/8 levels left

rFire   . . .      SeeInvis .   c - +0 mace
rCold   . . .      Faith    .   (no shield)
rNeg    + . .      Spirit   .   a - +1 robe {Will+}
rPois   ∞          Reflect  .   (no helmet)
rElec   +          Harm     .   (no cloak)
rCorr   .          Rampage  .   (no gloves)
Will    +....                   (no boots)
Stlth   ++........              n - amulet of the acrobat
HPRegen 0.08/turn               (no ring)
MPRegen 0.11/turn               (no ring)

@: weakened
A: sickness immunity, AC +3, negative energy resistance 1, electricity
resistance, torment resistance 1, petrification resistance
a: no special abilities


You were on level 3 of the Dungeon.
You visited 1 branch of the dungeon, and saw 4 of its levels.

You collected 128 gold pieces.

Inventory:

Hand Weapons
 c - a +0 mace (weapon)
Missiles
 d - 3 curare-tipped darts (quivered)
Armour
 a - a +1 robe of willpower (worn)
Jewellery
 n - an amulet of the acrobat (around neck)
 o - a ring of positive energy
Scrolls
 f - 3 scrolls of identify {unknown}
 k - a scroll of enchant weapon {unknown}
 l - a scroll of magic mapping {unknown}
 q - a scroll of teleportation {unknown}
Potions
 b - 2 potions of magic
 e - a potion of degeneration
 g - a potion of cancellation {unknown}
 h - a potion of ambrosia {unknown}
 i - 3 potions of curing {unknown}
 j - a potion of haste {unknown}
 m - 2 potions of lignification {unknown}
 p - a potion of attraction {unknown}


   Skills:
 - Level 1.4 Fighting
 + Level 1.4 Maces & Flails
 - Level 1.5 Dodging
 - Level 2.1 Stealth
 + Level 2.9 Spellcasting
 + Level 1.5 Conjurations
 - Level 0.7 Transmutations
 - Level 4.1 Earth Magic


You had 4 spell levels left.
You knew the following spells:

 Your Spells              Type           Power      Damage    Failure   Level
a - Sandblast             Erth           26%        2d8       4%          1
b - Stone Arrow           Conj/Erth      20%        3d8       21%         3

Your spell library contained the following spells:

 Spells                   Type           Power      Damage    Failure   Level
 Passwall                 Tmut/Erth      6%         N/A       12%         2
 Static Discharge         Conj/Air       4%         3-4/arc   24%         2
 Petrify                  Tmut/Erth      8%         N/A       63%         4
 Lightning Bolt           Conj/Air       2%         1d13      99%         5
 Maxwell's Capacitive Co  Air            1%         ∞         100%        8


Dungeon Overview and Level Annotations

Branches:
Dungeon (4/15)
 Temple: D:4-7

Altars:
Fedhas
Nemelex Xobeh
Uskayaw


Innate Abilities, Weirdness & Mutations

You are immune to sickness and miasma.
Your stone body is resilient. (AC +3)
You are immune to poison.
You resist negative energy. (rN+)
You are resistant to electric shocks. (rElec)
You are resistant to unholy torment.
You are immune to petrification.


Message History

The gnoll bouda is severely wounded.
The gnoll bouda completely misses you.
The gnoll bouda hits you with a +0 whip.
Casting: Sandblast (safe; 3% risk of failure)
Confirm with . or Enter, or press ? or * to list all spells.
Aiming: Sandblast (safe; 3% risk of failure)
Press: ? - help, Shift-Dir - straight line, f/p - gnoll bouda
Aim: a gnoll bouda, wielding a +0 whip and wearing a +0 robe (severely wounded, 84% to hit)
The blast of sand hits the gnoll bouda.
The gnoll bouda is almost dead.
The gnoll bouda hits you with a +0 whip!
Casting: Sandblast (safe; 3% risk of failure)
Confirm with . or Enter, or press ? or * to list all spells.
Aiming: Sandblast (safe; 3% risk of failure)
Press: ? - help, Shift-Dir - straight line, f/p - gnoll bouda
Aim: a gnoll bouda, wielding a +0 whip and wearing a +0 robe (almost dead, 84% to hit)
The blast of sand misses the gnoll bouda.
Your attacks no longer feel as feeble.
The gnoll bouda utters an invocation to its god.
The gnoll bouda is healed somewhat.
The gnoll bouda mumbles some strange prayers to its god.
The gnoll bouda is healed somewhat.
Casting: Sandblast (safe; 3% risk of failure)
Confirm with . or Enter, or press ? or * to list all spells.
The spell is quite dangerous to miscast (16% risk of failure)!
Continue anyway? [Y]es or [N]o only, please.
The spell is quite dangerous to miscast (16% risk of failure)!
Continue anyway?
Aiming: Stone Arrow (quite dangerous; 16% risk of failure)
Press: ? - help, Shift-Dir - straight line, f/p - gnoll bouda
Aim: a gnoll bouda, wielding a +0 whip and wearing a +0 robe (moderately wounded, 72% to hit)
The stone arrow misses the gnoll bouda.
The gnoll bouda hits you with a +0 whip.
* * * LOW HITPOINT WARNING * * *
It was a potion of degeneration.
There was something very wrong with that liquid.
You feel weakened.
You feel dopey.
You feel clumsy.
The gnoll bouda gazes fiercely through you!
You feel your attacks grow feeble.
The gnoll bouda hits you with a +0 whip.
You die...

###.........#..##.#.##.....# #.#.
..................#.##.....# #.#.
.............#.##.#........###.#.
....................##.....##....
###...#####.......####.....#.....
#.........##.#### ######......
#...########.### #...... #...#
#...# #......
###...##########@###### ##.....
#........>......g.....# ##....
#.#...#....###.#.#.##.# #########
#.##.#.......#.#.#.##.###........
.....#.........#..........#######
#.####...........#.##.#####
...........##..#.#.##.#
#.....................#
##########.##.##.######


You could see a gnoll bouda.

Vanquished Creatures
  3 gnolls
  2 dart slugs
  2 orcs (D:3)
  3 ball pythons
  3 endoplasms
  2 goblins (D:3)
  5 hobgoblins
  7 kobolds
  2 quokkas
  6 bats
  3 frilled lizards
  8 rats
46 creatures vanquished.

Notes
Turn   | Place    | Note
-------+----------+-------------------------------------------
     0 | D:1      | Ijustatesigmund the Gargoyle Earth Elementalist began the
                  | quest for the Orb.
     0 | D:1      | Reached XP level 1. HP: 10/10 MP: 3/3
    21 | D:1      | Found a faded altar of an unknown god.
   517 | D:1      | Reached XP level 2. HP: 16/16 MP: 3/5
   668 | D:1      | Reached skill level 1 in Fighting
   882 | D:1      | Reached skill level 4 in Earth Magic
  1683 | D:2      | Found a blossoming altar of Fedhas.
  1940 | D:2      | Reached XP level 3. HP: 20/20 MP: 3/6
  1944 | D:2      | Learned a level 3 spell: Stone Arrow
  2660 | D:3      | Found a hide-covered altar of Uskayaw.
  2748 | D:3      | Reached skill level 1 in Conjurations
  2844 | D:3      | Reached skill level 1 in Maces & Flails
  3112 | D:3      | Found a sparkling altar of Nemelex Xobeh.
  3229 | D:4      | Reached XP level 4. HP: 25/25 MP: 4/8
  3555 | D:3      | Slain by a gnoll bouda

Illustrated notes

Levels and vault maps discovered:
D:1:      wander_arrival_peaceful_grave, layout_basic,
          hellmonk_ecumenical_altar_zigzags, nrook_mini_vaults,
          nicolae_concentric_dashed_squares_mild
D:2:      layout_loops_ring, basic_altar
D:3:      layout_loops_cross, eat_drink_and_be_merry_uskayaw,
          nemelex_diamond_rough_becter
D:4:      layout_rooms, serial_shops, nicolae_stop_n_shop_1, interstate_on_off

Skill      XL: |  1  2  3 |
---------------+----------+-----
Fighting       | 1 |  1.4
Earth Magic    | 4 |  4.1
Conjurations   | 1 |  1.5
Maces & Flails | 1 |  1.4
Dodging        | |  1.5
Stealth        | |  2.1
Spellcasting   | |  2.9
Transmutations | |  0.7

Action                   |  1- 3 |  4- 6 || total
-------------------------+-------+-------++-------
Melee: Mace              |     6 |     7 ||    13
 Cast: Sandblast         |    66 |     8 ||    74
       Stone Arrow       |       |     2 ||     2
  Use: Potion            |       |     1 ||     1
Armor: Robe              |     8 |     6 ||    14
Dodge: Dodged            |    14 |    11 ||    25
